 Dungeon Sprint DCSS version 0.30-a0-465-g8901f6c8b5 (webtiles) character file.

Game seed: 11748297230242744955

0 Darkkill the Charlatan (level 1, -5/12 HPs)
             Began as a Gargoyle Artificer on Dec 18, 2022.
             Was an Initiate of Gozag.
             Slain by a guardian mummy (8 damage)
             ... in the Dungeon (Sprint V: "Ziggurat Sprint").
             The game lasted 00:01:01 (74 turns).

Darkkill the Charlatan (Gargoyle Artificer)           Turns: 74, Time: 00:01:02

Health: -5/12      AC: 28    Str: 21    XL:     1   Next: 0%
Magic:  1/1        EV:  6    Int: 11    God:    Gozag
Gold:   0          SH:  0    Dex: 16    Spells: 0/0 levels left

rFire   . . .      SeeInvis +    a - +27 heavy crossbow "Sniper" {vorpal, Acc+∞ SInv}
rCold   . . .      Faith    .    (shield currently unavailable)
rNeg    + . .      Spirit   .    H - +15 Maxwell's patent armour {-Cast -Tele rElec Will+ rCorr}
rPois   ∞          Reflect  .    (no helmet)
rElec   +          Harm     .    (no cloak)
rCorr   +          Rampage  .    (no gloves)
Will    +....      NoTele   +    (no boots)
Stlth   .......... NoCast   +    (no amulet)
HPRegen 0.22/turn                C - +6 ring of strength
MPRegen 0.07/turn                y - +6 ring of dexterity

@: gold aura
A: sickness immunity, AC +2, negative energy resistance 1, electricity
resistance, torment resistance 1, petrification resistance
a: Renounce Religion, Potion Petition, Call Merchant, Bribe Branch


You were in the Dungeon.
You worshipped Gozag.
Gozag was noncommittal.
You visited 1 branch

Inventory:

Hand Weapons
 a - the +27 heavy crossbow "Sniper" (weapon) {vorpal, Acc+∞ SInv}
   (You found it in the Dungeon)

   Any ammunition fired from it inflicts extra damage upon your enemies.
   Any ammunition fired from it never misses its target.
   SInv:      It lets you see invisible.
 b - the +10 dark maul {vorpal}
   (You found it in the Dungeon)

   It inflicts extra damage upon your enemies.
Armour
 H - the +15 Maxwell's patent armour (worn) {-Cast -Tele rElec Will+ rCorr}
   (You found it in the Dungeon)

   rElec:     It insulates you from electricity.
   -Cast:     It prevents spellcasting.
   -Tele:     It prevents most forms of teleportation.
   rCorr:     It protects you from acid and corrosion.
   Will:      It increases your willpower.
Jewellery
 y - a +6 ring of dexterity (right hand)
 C - a +6 ring of strength (left hand)
Wands
 c - a wand of flame (15)
 d - a wand of charming (15)
 e - a wand of iceblast (5)
 u - a wand of mindburst (7)
 v - a wand of light (7)
Scrolls
 r - 7 scrolls of fog
 t - 2 scrolls of fear
Potions
 f - 10 potions of curing {@q1}
 g - 10 potions of heal wounds
 h - 6 potions of haste
 i - 7 potions of magic
 j - 3 potions of berserk rage
 l - 2 potions of brilliance
 m - 2 potions of invisibility
 n - 4 potions of resistance
 o - a potion of experience
 p - 5 potions of might
Miscellaneous
 D - a lightning rod (4/4)


   Skills:
 + Level 1.1 Fighting
 + Level 2.1 Armour
 + Level 0.7 Dodging
 + Level 1.1 Stealth
 + Level 2.6 Evocations


You couldn't memorise any spells.
You didn't know any spells.
Your spell library was empty.

Dungeon Overview and Level Annotations

Branches:
Dungeon (1/1)

Altars:
Ashenzari
Cheibriados
Dithmenos
Elyvilon
Fedhas
Gozag
Hepliaklqana
Kikubaaqudgha
Makhleb
Nemelex Xobeh
Okawaru
Qazlal
Ru
Sif Muna
Trog
Uskayaw
Vehumet
Wu Jian
Xom
Yredelemnul
Zin
The Shining One
Jiyva
Lugonu

Annotations:
D 1 transporter


Innate Abilities, Weirdness & Mutations

You are immune to sickness and miasma.
Your stone body is resilient. (AC +2)
You are immune to poison.
You resist negative energy. (rN+)
You are resistant to electric shocks. (rElec)
You are resistant to unholy torment.
You are immune to petrification.


Message History

Welcome, Darkkill the Gargoyle Artificer.
Press ? for a list of commands and other information.
Found fourteen items.
Found twelve altars.
Found a staircase leading out of the dungeon.
Found five altars.
Found two items.
Found a sparkling altar of Nemelex Xobeh and a blossoming altar of Fedhas.
l - 2 potions of brilliance;
m - 2 potions of invisibility
h - 6 potions of haste (gained 5);
n - 4 potions of resistance
o - a potion of experience;
i - 7 potions of magic (gained 5)
p - 5 potions of might
j - 3 potions of berserk rage (gained 2)
g - 10 potions of heal wounds (gained 9)
f - 10 potions of curing {@q1} (gained 9)
Found six altars.
Found a transporter.
q - 4 scrolls of amnesia;
r - 7 scrolls of fog;
s - 5 scrolls of identify {@r1}
t - 2 scrolls of fear;
k - 4 scrolls of blinking (gained 3)
u - a wand of mindburst (7);
v - a wand of light (7)
w - a ring of flight;
x - a +6 ring of dexterity;
y - a +6 ring of dexterity
z - a +6 ring of intelligence;
A - a +6 ring of intelligence
B - a +6 ring of strength;
C - a +6 ring of strength
D - a lightning rod (4/4)
E - the +6 Majin-Bo {vamp, MP+6 Int+6}
F - the +27 heavy crossbow "Sniper" {vorpal, Acc+∞ SInv}
G - the +10 dark maul {vorpal}
H - the +15 Maxwell's patent armour {-Cast -Tele rElec Will+ rCorr}
I - the +18 shield of the Gong {rElec rN+ Will+ EV-5}
J - the +14 obsidian axe {vorpal, Mesm Drain Fly SInv}
There is an opulent altar of Gozag here.
You kneel at the altar of Gozag.
Gozag welcomes you!
Gozag waives the service fee.
Unknown command.
Press < or > to pray at altars.
You drop 4 scrolls of blinking.
You drop 4 scrolls of amnesia.
You drop 5 scrolls of identify {@r1}.
You drop a ring of flight.
You drop a +6 ring of dexterity.
You drop a +6 ring of intelligence. x2
You drop a +6 ring of strength.
You drop the +6 Majin-Bo {vamp, MP+6 Int+6}.
You drop the +18 shield of the Gong {rElec rN+ Will+ EV-5}.
You drop the +14 obsidian axe {vorpal, Mesm Drain Fly SInv}.
You are now empty-handed.
You drop a +0 club.
You start removing your armour.
You continue taking off your +0 leather armour. x4
You finish taking off your +0 leather armour.
You drop a +0 leather armour.
You feel stronger.
C - a +6 ring of strength (left hand)
You feel agile.
y - a +6 ring of dexterity (right hand)
You start putting on your armour.
You continue putting on the +15 Maxwell's patent armour {-Cast -Tele rElec Will+ rCorr}. x4
You finish putting on the +15 Maxwell's patent armour {-Cast -Tele rElec Will+ rCorr}.
Adjust to which letter? (? for menu, Esc to quit)
a - the +27 heavy crossbow "Sniper" {vorpal, Acc+∞ SInv} Adjust to which letter? (? for menu, Esc to quit)
b - the +10 dark maul {vorpal}
a - the +27 heavy crossbow "Sniper" (weapon)
{vorpal, Acc+∞ SInv}
b - the +10 dark maul (weapon)
{vorpal}
a - the +27 heavy crossbow "Sniper" (weapon)
{vorpal, Acc+∞ SInv}
b - the +10 dark maul (weapon)
{vorpal}
There is a transporter here.
Welcome to arena 1.
You enter the transporter and appear at another place.
A ball python zombie and a guardian mummy come into view.
Found two items.
Found a transporter.
a - the +27 heavy crossbow "Sniper" (weapon)
{vorpal, Acc+∞ SInv} Fire: a) +27 heavy crossbow "Sniper" {vorpal, Acc+∞ SInv}
Press: ? - help, Q - select action, (/) - cycle Shift-Dir - straight line, f - ball python zombie
Aim: a ball python zombie (100% to hit)
You shoot a bolt. The bolt hits the ball python zombie!!
You destroy the ball python zombie!
The guardian mummy hits you!
Ouch! That really hurt!
* * * LOW HITPOINT WARNING * * *
The guardian mummy hits you!
Ouch! That really hurt!
You die...
Your body crumbles into a pile of gold.

▓▓▓▓▓▓▓
▓.8©8.▓
▓.....▓
▓.".).▓
▓.$...▓
▓..M..▓
▓..@..▓
▓▓▓▓▓▓▓


You could see a guardian mummy.

Vanquished Creatures
  A ball python zombie (D)
1 creature vanquished.

Notes
Turn   | Place    | Note
-------+----------+-------------------------------------------
     0 | D        | Darkkill the Gargoyle Artificer began the quest for the
                  | Orb.
     0 | D        | Reached XP level 1. HP: 12/12 MP: 1/1
     0 | D        | Found a shimmering blue altar of Sif Muna.
     0 | D        | Found a bloodstained altar of Trog.
     0 | D        | Found a sacrificial altar of Ru.
     0 | D        | Found a stormy altar of Qazlal.
     0 | D        | Found an iron altar of Okawaru.
     1 | D        | Found a sparkling altar of Nemelex Xobeh.
     1 | D        | Found a blossoming altar of Fedhas.
     1 | D        | Found the +6 Majin-Bo {vamp, MP+6 Int+6}
     1 | D        | Found the +27 heavy crossbow "Sniper" {vorpal, Acc+∞ SInv}
     1 | D        | Found the +10 dark maul {vorpal}
     1 | D        | Found the +15 Maxwell's patent armour {-Cast -Tele rElec
                  | Will+ rCorr}
     1 | D        | Found the +18 shield of the Gong {rElec rN+ Will+ EV-5}
     1 | D        | Found the +14 obsidian axe {vorpal, Mesm Drain Fly SInv}
     1 | D        | Found the +7 great mace "Firestarter" {inner flame, rF++}
     1 | D        | Found the +6 shillelagh "Devastator" {shatter}
     1 | D        | Found the +11 plutonium sword {Contam Stlth-}
     1 | D        | Found the +8 lance "Wyrmbane" {slay drac, rPois rF+ rC+
                  | AC+3}
     1 | D        | Found the +9 sword of Zonguldrok {reap}
     1 | D        | Found the +13 scythe of Curses {drain, Drain}
     1 | D        | Found the +5 sword of Power {vorpal}
     1 | D        | Found the +7 mace of Variability {chain chaos}
     1 | D        | Found the +7 Singing Sword {vorpal, sonic wave}
     1 | D        | Found the +8 storm bow {elec, penet}
     3 | D        | Found a transporter.
     3 | D        | Found an ancient bone altar of Kikubaaqudgha.
     3 | D        | Found a viscous altar of Jiyva.
     3 | D        | Found a corrupted altar of Lugonu.
     3 | D        | Found a hazy altar of Hepliaklqana.
     3 | D        | Found a burning altar of Makhleb.
     3 | D        | Found an opulent altar of Gozag.
    34 | D        | Became a worshipper of Gozag Ym Sagoz the Greedy
    72 | D        | Entered arena 2.
    72 | D        | Noticed a guardian mummy
    72 | D        | Found a transporter.
    74 | D        | Slain by a guardian mummy

Illustrated notes

Levels and vault maps discovered:
D:        sprint_v [room_start, room_1, room_2, room_3, room_4, room_5, room_6,
          room_7, room_8, room_9, room_10, room_11, room_12, room_13, room_14,
          room_15, room_16, room_17, room_18, room_19, room_20, room_21,
          room_22, room_23, room_24, room_25, room_26, room_27]

Action                   || total
-------------------------++-------
 Fire: Heavy crossbow    ||     1

Table legend: (Time is in decaauts)
 A = Elapsed time spent in this place.
 B = Non-inter-level travel time spent in this place.
 C = Inter-level travel time spent in this place.
 D = Time resting spent in this place.
 E = Time spent auto-exploring this place.
 F = Levels seen in this place.
 G = Mean time per level.
                   A        B        C        D        E       F      G
               +--------+--------+--------+--------+--------+-----+--------+
         Total |     70 |     68 |      2 |      0 |      0 |   1 |   70.0 |
       Dungeon |     70 |     68 |      2 |      0 |      0 |   1 |   70.0 |
               +--------+--------+--------+--------+--------+-----+--------+

Top non-repeatable levels by time:
       D: 70 daAuts

Table legend:
 A = Kills in this place as a percentage of kills in entire the game.
 B = Kills by you in this place as a percentage of kills by you in the entire game.
 C = Kills by friends in this place as a percentage of kills by friends in the entire game.
 D = Other kills in this place as a percentage of other kills in the entire game.
 E = Experience gained in this place as a percentage of experience gained in the entire game.
 F = Experience gained in this place divided by the number of levels of this place that you have seen.
                   A       B       C       D       E      F
               +-------+-------+-------+-------+-------+----------------------
         Total | 100.0 | 100.0 |   N/A |   N/A | 100.0 |   1.0
       Dungeon | 100.0 | 100.0 |   N/A |   N/A | 100.0 |   1.0
               +-------+-------+-------+-------+-------+----------------------
